Sharks vs Stars

Created - Wednesday, November 04, 2015 at 01:16

Goals
1 2 3 T
Sharks 1 0 0 1
Stars 1 1 0 2
Shots
1 2 3 T
Sharks 6 8 16 30
Stars 10 11 7 28

1st period

1. Sharks , Erik Cole 3 (Brian Gionta, Mike Green) at 8:36
2. Stars , Jonathan Drouin 2 (Erik Haula, Casey Cizikas) at 9:51

Penalties :
Jay Harrison (SJ ) for Tripping (Minor) at 11:00, Devin Setoguchi (Dal) for Delaying the game (Minor) at 18:19

2nd period

3. Stars , Jonathan Drouin 3 (Ryan Wilson, Casey Cizikas) at 2:23

Penalties :
Jay Harrison (SJ ) for Holding (Minor) at 5:41, Devin Setoguchi (Dal) for Hooking (Minor) at 5:45, Mike Weber (SJ ) for Holding (Minor) at 13:54

3rd period

No Goal

Penalties :
Vernon Fiddler (SJ ) for Tripping (Minor) at 1:03, Manny Malhotra (Dal) for Holding (Minor) at 1:47, Alex Petrovic (Dal) for Hooking (Minor) at 5:01, Daniel Paille (Dal) for Holding (Minor) at 9:29, Alex Petrovic (Dal) for Holding (Minor) at 16:06

Goalie Stats

Jonathan Quick (SJ ), 26 saves from 28 shots - (0.929), L, 2-7-0, 58:56 minutes
Joacim Eriksson (Dal), 29 saves from 30 shots - (0.967), W, 2-3-0, 60:00 minutes

Players Stats for Sharks

Player Name              G  A  P  +/- PIM S  H  SB GA TA FO     MP     PP MP  PK MP  
------------------------------------------------------------------------------------
Brad Richards            0  0  0   0  0   0  1  1  2  0  14/21  15:55   4:24   0:44 
Brian Gionta             0  1  1  -1  0   7  0  3  1  2  0/6    24:36   3:57   3:13 
Curtis Glencross         0  0  0   0  0   1  1  0  0  0  0/1    15:25   0:35   0:49 
Derek Roy                0  0  0   0  0   2  1  0  4  0  1/3    18:26   3:45   0:00 
Dion Phaneuf             0  0  0   0  0   1  3  2  0  3  0/0    26:20   4:22   3:30 
Erik Cole                1  0  1   0  0   7  1  0  1  0  0/1    20:31   4:22   3:58 
Ian Cole                 0  0  0   0  0   0  0  0  0  0  0/0     0:00   0:00   0:00 
Jay Harrison             0  0  0   0  4   0  1  3  0  1  0/0    14:22   0:02   0:48 
Luca Sbisa               0  0  0  -1  0   2  0  0  0  0  0/0    11:13   0:00   0:00 
Maxim Lapierre           0  0  0  -1  0   1  2  0  0  0  3/8     7:43   0:35   0:00 
Mike Green               0  1  1   0  0   0  6  1  0  1  0/0    25:57   4:22   3:30 
Mike Weber               0  0  0   0  2   1  0  2  0  2  0/0    22:01   4:22   0:28 
Nicklas Grossmann        0  0  0  -1  0   0  2  0  0  1  0/0    22:05   4:22   1:16 
Nicolas Deslauriers      0  0  0  -1  0   0  0  0  0  1  0/0     7:33   0:00   0:04 
Olli Jokinen             0  0  0   0  0   2  0  1  0  0  4/13   18:04   3:47   0:44 
Richard Panik            0  0  0   0  0   1  3  1  1  0  0/0    10:27   0:00   0:00 
Tomas Fleischmann        0  0  0   0  0   3  2  0  4  0  0/0    15:59   3:45   0:00 
Vernon Fiddler           0  0  0   0  2   2  1  2  3  0  5/8    15:23   1:00   0:00 

Players Stats for Stars

Player Name              G  A  P  +/- PIM S  H  SB GA TA FO     MP     PP MP  PK MP  
------------------------------------------------------------------------------------
Aaron Johnson            0  0  0   0  0   0  0  0  0  0  0/0     4:31   0:00   0:00 
Alex Petrovic            0  0  0   0  4   0  3  0  0  0  0/0    18:06   1:54   1:52 
Alexander Wennberg       0  0  0   0  0   3  0  3  0  0  6/11   19:59   2:33   5:10 
Alexandre Burrows        0  0  0   0  0   0  1  1  0  0  1/4    20:05   2:25   0:00 
Casey Cizikas            0  2  2   2  0   2  1  0  2  0  7/10   13:22   0:00   1:52 
Cory Conacher            0  0  0   0  0   1  1  0  1  1  0/0     9:47   0:00   0:21 
Daniel Paille            0  0  0  -1  2   0  1  0  2  1  0/1    16:16   2:13   0:57 
Devin Setoguchi          0  0  0  -1  4   4  1  0  5  0  1/1    15:04   2:12   0:00 
Erik Haula               0  1  1   2  0   4  0  0  1  0  0/1    12:59   0:08   0:24 
Gabriel Bourque          0  0  0   0  0   1  0  0  0  0  1/2    10:01   0:00   0:24 
Jamie Oleksiak           0  0  0   0  0   1  1  2  2  1  0/0    27:20   2:52   3:45 
John Moore               0  0  0   0  0   0  2  1  0  0  0/0    22:49   2:52   3:45 
Jonathan Drouin          2  0  2   2  0   5  1  0  4  0  0/2    12:51   0:00   1:18 
Manny Malhotra           0  0  0  -1  2   2  0  0  0  2  12/15  17:09   2:12   1:52 
Matt Tennyson            0  0  0   0  0   2  0  0  0  1  0/0    20:45   1:54   4:59 
Mike Richards            0  0  0   0  0   1  2  0  2  1  6/14   19:59   2:33   5:10 
Patrik Nemeth            0  0  0   1  0   2  1  1  0  0  0/0    15:02   0:00   3:07 
Ryan Wilson              0  1  1   1  0   0  1  1  0  1  0/0    11:55   0:00   0:00 

3 Stars

1 - Jonathan Drouin (Dal)
2 - Joacim Eriksson (Dal)
3 - Casey Cizikas (Dal)

Power Play

Sharks - 0 on 6 Attempt(s) - 0.00%
Stars - 0 on 4 Attempt(s) - 0.00%

Penalty Kill

Sharks - 4 on 4 Attempt(s) - 100.00% - Score 0 goal in Penalty Kill
Stars - 6 on 6 Attempt(s) - 100.00% - Score 0 goal in Penalty Kill

Team Stat

Sharks - Hits : 24 - Faceoff Wins : 27 - Blocked Shots : 16 - Penalty Minutes : 8
Stars - Hits : 16 - Faceoff Wins : 34 - Blocked Shots : 9 - Penalty Minutes : 12

Official

Referees : Unknown
Linesman : Unknown

Game Notes

No Game Note

Finance

Level 1 -- Attendance: 4386 (73.10%) -- Ticket Income $438,600
Level 2 -- Attendance: 3562 (71.24%) -- Ticket Income $213,720
Level 3 -- Attendance: 1408 (70.40%) -- Ticket Income $49,280
Level 4 -- Attendance: 3212 (80.30%) -- Ticket Income $64,240
Luxury Box -- Attendance: 722 (72.20%) -- Ticket Income $144,400
Game was played at the American Airlines Arena.
Total Attendance: 13290 (73.83%)
Total Ticket Income: $910,240
Other Income: $446,018
Total Income: $1,356,258

Sharks

5 vs 5 Forward 
   Center                   Left Wing                Right Wing               Time % Phy DF OF 
 1 Brad Richards            Erik Cole                Brian Gionta             35     1   2  2  
 2 Vernon Fiddler           Derek Roy                Curtis Glencross         30     1   3  1  
 3 Olli Jokinen             Tomas Fleischmann        Richard Panik            20     2   3  0  
 4 Maxim Lapierre           Nicolas Deslauriers      Brian Gionta             15     3   2  0  

5 vs 5 Defense 
   Defense                  Defense                                           Time % Phy DF OF 
 1 Dion Phaneuf             Mike Weber                                        38     2   3  0  
 2 Luca Sbisa               Nicklas Grossmann                                 30     2   3  0  
 3 Mike Green               Jay Harrison                                      22     2   2  1  
 4 Dion Phaneuf             Mike Green                                        10     1   1  3  

PowerPlay Forward 
   Center                   Left Wing                Right Wing               Time % Phy DF OF 
 1 Brad Richards            Erik Cole                Brian Gionta             60     1   2  2  
 2 Olli Jokinen             Derek Roy                Tomas Fleischmann        40     1   2  2  

PowerPlay Defense
   Defense                  Defense                                           Time % Phy DF OF 
 1 Dion Phaneuf             Mike Green                                        60     1   2  2  
 2 Mike Weber               Nicklas Grossmann                                 40     1   2  2  

Penalty Kill 4 Players Forward 
   Center                   Wing                     Time % Phy DF OF 
 1 Brian Gionta             Erik Cole                60     1   2  2  
 2 Brad Richards            Olli Jokinen             40     1   2  2  

Penalty Kill 4 Players Defense
   Defense                  Defense                  Time % Phy DF OF 
 1 Dion Phaneuf             Mike Green               60     1   2  2  
 2 Mike Weber               Nicklas Grossmann        40     1   2  2  

Penalty Kill - 3 Players Forward 
   Forward                                           Time % Phy DF OF 
 1 Brian Gionta                                      60     1   2  2  
 2 Erik Cole                                         40     1   2  2  

Penalty Kill - 3 Players Defense
   Defense                  Defense                  Time % Phy DF OF 
 1 Dion Phaneuf             Mike Green               60     1   2  2  
 2 Mike Weber               Nicklas Grossmann        40     1   2  2  

4 vs 4 Forward 
   Center                   Wing                     Time % Phy DF OF 
 1 Brian Gionta             Erik Cole                60     1   2  2  
 2 Brad Richards            Olli Jokinen             40     1   2  2  

4 vs 4 Defense
   Defense                  Defense                  Time % Phy DF OF 
 1 Dion Phaneuf             Mike Green               60     1   2  2  
 2 Mike Weber               Nicklas Grossmann        40     1   2  2  

Last Minutes Offensive
   Center                   Left Wing                Right Wing               Defense                  Defense                  
   Brad Richards            Erik Cole                Brian Gionta             Dion Phaneuf             Mike Green               

Last Minutes Defensive
   Center                   Left Wing                Right Wing               Defense                  Defense                  
   Brad Richards            Erik Cole                Brian Gionta             Dion Phaneuf             Mike Green               

Goaltenders
Starting : Jonathan Quick           
Backup : Antti Raanta             

Extra Forwards
Normal : Vernon Fiddler, Maxim Lapierre, Curtis Glencross - PP : Vernon Fiddler, Maxim Lapierre - PK : Curtis Glencross
Extra Defensemen
Normal : Luca Sbisa, Jay Harrison, Mike Weber - PP : Luca Sbisa - PK : Jay Harrison, Mike Weber
Penalty Shots
Brian Gionta, Erik Cole, Brad Richards, Olli Jokinen, Vernon Fiddler

Stars

5 vs 5 Forward 
   Center                   Left Wing                Right Wing               Time % Phy DF OF 
 1 Mike Richards            Alexandre Burrows        Alexander Wennberg       35     1   2  2  
 2 Manny Malhotra           Daniel Paille            Devin Setoguchi          30     1   2  2  
 3 Casey Cizikas            Erik Haula               Jonathan Drouin          22     1   2  2  
 4 Alexandre Burrows        Gabriel Bourque          Cory Conacher            13     1   2  2  

5 vs 5 Defense 
   Defense                  Defense                                           Time % Phy DF OF 
 1 Jamie Oleksiak           John Moore                                        35     1   2  2  
 2 Alex Petrovic            Matt Tennyson                                     30     1   2  2  
 3 Ryan Wilson              Patrik Nemeth                                     22     1   2  2  
 4 Aaron Johnson            Jamie Oleksiak                                    13     1   2  2  

PowerPlay Forward 
   Center                   Left Wing                Right Wing               Time % Phy DF OF 
 1 Mike Richards            Alexandre Burrows        Alexander Wennberg       60     1   2  2  
 2 Manny Malhotra           Daniel Paille            Devin Setoguchi          40     1   2  2  

PowerPlay Defense
   Defense                  Defense                                           Time % Phy DF OF 
 1 Jamie Oleksiak           John Moore                                        60     1   2  2  
 2 Alex Petrovic            Matt Tennyson                                     40     1   2  2  

Penalty Kill 4 Players Forward 
   Center                   Wing                     Time % Phy DF OF 
 1 Alexander Wennberg       Mike Richards            60     1   2  2  
 2 Manny Malhotra           Casey Cizikas            40     1   2  2  

Penalty Kill 4 Players Defense
   Defense                  Defense                  Time % Phy DF OF 
 1 Jamie Oleksiak           John Moore               60     1   2  2  
 2 Alex Petrovic            Matt Tennyson            40     1   2  2  

Penalty Kill - 3 Players Forward 
   Forward                                           Time % Phy DF OF 
 1 Manny Malhotra                                    60     1   2  2  
 2 Mike Richards                                     40     1   2  2  

Penalty Kill - 3 Players Defense
   Defense                  Defense                  Time % Phy DF OF 
 1 Jamie Oleksiak           John Moore               60     1   2  2  
 2 Alex Petrovic            Matt Tennyson            40     1   2  2  

4 vs 4 Forward 
   Center                   Wing                     Time % Phy DF OF 
 1 Alexander Wennberg       Mike Richards            60     1   2  2  
 2 Manny Malhotra           Casey Cizikas            40     1   2  2  

4 vs 4 Defense
   Defense                  Defense                  Time % Phy DF OF 
 1 Jamie Oleksiak           John Moore               60     1   2  2  
 2 Alex Petrovic            Matt Tennyson            40     1   2  2  

Last Minutes Offensive
   Center                   Left Wing                Right Wing               Defense                  Defense                  
   Mike Richards            Alexandre Burrows        Alexander Wennberg       Jamie Oleksiak           John Moore               

Last Minutes Defensive
   Center                   Left Wing                Right Wing               Defense                  Defense                  
   Mike Richards            Alexandre Burrows        Alexander Wennberg       Jamie Oleksiak           John Moore               

Goaltenders
Starting : Joacim Eriksson          
Backup : Tom McCollum             

Extra Forwards
Normal : Erik Haula, Gabriel Bourque, Jonathan Drouin - PP : Erik Haula, Gabriel Bourque - PK : Jonathan Drouin
Extra Defensemen
Normal : Ryan Wilson, Patrik Nemeth, Aaron Johnson - PP : Ryan Wilson - PK : Patrik Nemeth, Aaron Johnson
Penalty Shots
Alexandre Burrows, Mike Richards, Manny Malhotra, Casey Cizikas, Alexander Wennberg

% Time on Ice - Sharks

Lines # - Real PCT - Wanted PCT - Time Play
Normal Forward
1 - 22% - 35% - 9:19
2 - 38% - 30% - 15:56
3 - 25% - 20% - 10:27
4 - 16% - 15% - 6:45
Normal Defense
1 - 32% - 38% - 13:35
2 - 34% - 30% - 14:35
3 - 27% - 22% - 11:27
4 - 7% - 10% - 2:50
PP Forward
1 - 57% - 60% - 4:57
2 - 43% - 40% - 3:47
PP Defense
1 - 50% - 60% - 4:22
2 - 50% - 40% - 4:22
PK Forward
1 - 85% - 60% - 4:02
2 - 15% - 40% - 0:44
PK Defense
1 - 73% - 60% - 3:30
2 - 27% - 40% - 1:16
PK3 Forward
1 - 0% - 60%
2 - 0% - 40%
PK3 Defense
1 - 0% - 60%
2 - 0% - 40%
44 Forward
1 - 98% - 60% - 3:06
2 - 2% - 40% - 0:04
44 Defense
1 - 41% - 60% - 1:18
2 - 59% - 40% - 1:52
Last Minute Offensive  - 0:53
Last Minute Defensive  - 0:00
Total
Forward - 60:00
Defense - 60:00

% Time on Ice - Stars

Lines # - Real PCT - Wanted PCT - Time Play
Normal Forward
1 - 23% - 35% - 9:56
2 - 30% - 30% - 13:04
3 - 26% - 22% - 11:00
4 - 21% - 13% - 8:53
Normal Defense
1 - 34% - 35% - 14:22
2 - 28% - 30% - 12:05
3 - 28% - 22% - 11:55
4 - 11% - 13% - 4:31
PP Forward
1 - 53% - 60% - 2:33
2 - 47% - 40% - 2:13
PP Defense
1 - 60% - 60% - 2:52
2 - 40% - 40% - 1:54
PK Forward
1 - 79% - 60% - 6:52
2 - 21% - 40% - 1:52
PK Defense
1 - 43% - 60% - 3:45
2 - 57% - 40% - 4:59
PK3 Forward
1 - 0% - 60%
2 - 0% - 40%
PK3 Defense
1 - 0% - 60%
2 - 0% - 40%
44 Forward
1 - 100% - 60% - 3:10
2 - 0% - 40% - 0:00
44 Defense
1 - 44% - 60% - 1:23
2 - 56% - 40% - 1:47
Last Minute Offensive  - 0:00
Last Minute Defensive  - 0:27
Total
Forward - 60:00
Defense - 60:00

Play by Play

1st period


0:01 of 1st period - Brad Richards wins face-off versus Mike Richards in neutral zone.
0:35 of 1st period - Slapshot by Alexandre Burrows.
0:35 of 1st period - Shot Misses the Net.
1:33 of 1st period - Olli Jokinen is hit by Daniel Paille and loses puck.
1:46 of 1st period - Snap shot by Olli Jokinen.
1:46 of 1st period - Stopped by Joacim Eriksson with a rebound.
1:50 of 1st period - Wrist shot by Olli Jokinen.
1:50 of 1st period - Stopped by Joacim Eriksson without a rebound.
1:51 of 1st period - Casey Cizikas wins face-off versus Maxim Lapierre in Stars zone.
1:56 of 1st period - Maxim Lapierre is hit by Alex Petrovic and loses puck.
2:47 of 1st period - Wrist shot by Richard Panik.
2:47 of 1st period - Deflect By Olli Jokinen.
2:47 of 1st period - Shot Misses the Net.
2:47 of 1st period - Puck is out of play.
2:48 of 1st period - Olli Jokinen wins face-off versus Alexandre Burrows in Stars zone.
3:03 of 1st period - Slapshot by Dion Phaneuf.
3:03 of 1st period - Deflect By Olli Jokinen.
3:03 of 1st period - Shot Misses the Net.
3:03 of 1st period - Puck is out of play.
3:04 of 1st period - Vernon Fiddler wins face-off versus Mike Richards in Stars zone.
3:19 of 1st period - Snap shot by Alexander Wennberg.
3:19 of 1st period - Shot Blocked by Vernon Fiddler.
4:23 of 1st period - Wrist shot by Casey Cizikas.
4:23 of 1st period - Stopped by Jonathan Quick without a rebound.
4:24 of 1st period - Manny Malhotra wins face-off versus Olli Jokinen in Sharks zone.
4:49 of 1st period - Snap shot by Tomas Fleischmann.
4:49 of 1st period - Stopped by Joacim Eriksson without a rebound.
4:50 of 1st period - Casey Cizikas wins face-off versus Vernon Fiddler in Stars zone.
5:11 of 1st period - Erik Haula is hit by Mike Green and loses puck.
5:58 of 1st period - Off-side.
5:59 of 1st period - Mike Richards wins face-off versus Olli Jokinen in neutral zone.
6:02 of 1st period - Mike Weber is hit by Mike Richards and loses puck.
6:52 of 1st period - Manny Malhotra is hit by Dion Phaneuf.
7:04 of 1st period - Wrist shot by Manny Malhotra.
7:04 of 1st period - Shot Misses the Net.
7:06 of 1st period - Snap shot by Manny Malhotra.
7:06 of 1st period - Shot Misses the Net.
7:08 of 1st period - Snap shot by Patrik Nemeth.
7:08 of 1st period - Stopped by Jonathan Quick with a rebound.
7:10 of 1st period - Slapshot by Patrik Nemeth.
7:10 of 1st period - Stopped by Jonathan Quick with a rebound.
7:12 of 1st period - Slapshot by Ryan Wilson.
7:12 of 1st period - Deflect By Devin Setoguchi.
7:12 of 1st period - Stopped by Jonathan Quick without a rebound.
7:13 of 1st period - Casey Cizikas wins face-off versus Vernon Fiddler in Sharks zone.
7:16 of 1st period - Snap shot by Jonathan Drouin.
7:16 of 1st period - Shot Blocked by Vernon Fiddler.
8:08 of 1st period - Luca Sbisa is hit by Jamie Oleksiak and loses puck.
8:36 of 1st period - Slapshot by Erik Cole.
8:36 of 1st period - Goal by Erik Cole - Sharks : 1 - Stars : 0.
8:37 of 1st period - Manny Malhotra wins face-off versus Olli Jokinen in neutral zone.
9:10 of 1st period - Snap shot by Devin Setoguchi.
9:10 of 1st period - Stopped by Jonathan Quick without a rebound.
9:11 of 1st period - Brad Richards wins face-off versus Casey Cizikas in Sharks zone.
9:28 of 1st period - Slapshot by Jonathan Drouin.
9:28 of 1st period - Stopped by Jonathan Quick without a rebound.
9:29 of 1st period - Casey Cizikas wins face-off versus Erik Cole in Sharks zone.
9:47 of 1st period - Snap shot by Casey Cizikas.
9:47 of 1st period - Shot Blocked by Brad Richards.
9:51 of 1st period - Snap shot by Jonathan Drouin.
9:51 of 1st period - Goal by Jonathan Drouin - Sharks : 1 - Stars : 1.
9:52 of 1st period - Mike Richards wins face-off versus Derek Roy in neutral zone.
9:58 of 1st period - Icing by Mike Weber.
9:59 of 1st period - Vernon Fiddler wins face-off versus Mike Richards in Sharks zone.
10:30 of 1st period - Snap shot by Derek Roy.
10:30 of 1st period - Stopped by Joacim Eriksson with a rebound.
10:47 of 1st period - Snap shot by Erik Cole.
10:47 of 1st period - Deflect By Brian Gionta.
10:47 of 1st period - Shot Misses the Net.
10:47 of 1st period - Puck is out of play.
10:48 of 1st period - Manny Malhotra wins face-off versus Brad Richards in Stars zone.
11:00 of 1st period - Minor Penalty to Jay Harrison for Tripping.
11:01 of 1st period - Manny Malhotra wins face-off versus Brian Gionta in Sharks zone.
11:56 of 1st period - Snap shot by Alexandre Burrows.
11:56 of 1st period - Shot Misses the Net.
12:14 of 1st period - Wrist shot by Mike Richards.
12:14 of 1st period - Shot Blocked by Brian Gionta.
12:31 of 1st period - Alex Petrovic is hit by Mike Green.
12:46 of 1st period - Mike Weber is hit by Mike Richards and loses puck.
13:00 of 1st period - Penalty to Jay Harrison is over, Jay Harrison is back on ice.
13:23 of 1st period - Snap shot by Erik Haula.
13:23 of 1st period - Stopped by Jonathan Quick with a rebound.
13:37 of 1st period - Snap shot by Erik Haula.
13:37 of 1st period - Shot Blocked by Olli Jokinen.
14:03 of 1st period - Snap shot by Cory Conacher.
14:03 of 1st period - Stopped by Jonathan Quick with a rebound.
14:44 of 1st period - Slapshot by Matt Tennyson.
14:44 of 1st period - Shot Misses the Net.
14:46 of 1st period - Slapshot by Casey Cizikas.
14:46 of 1st period - Stopped by Jonathan Quick without a rebound.
14:47 of 1st period - Maxim Lapierre wins face-off versus Casey Cizikas in Sharks zone.
14:47 of 1st period - Maxim Lapierre is hit by Alex Petrovic.
15:15 of 1st period - Cory Conacher is hit by Nicklas Grossmann and loses puck.
16:11 of 1st period - Ryan Wilson is hit by Richard Panik and loses puck.
17:13 of 1st period - John Moore is hit by Richard Panik and loses puck.
17:23 of 1st period - Off-side.
17:24 of 1st period - Manny Malhotra wins face-off versus Brad Richards in neutral zone.
17:27 of 1st period - Slapshot by John Moore.
17:27 of 1st period - Deflect By Devin Setoguchi.
17:27 of 1st period - Shot Blocked by Brian Gionta.
17:27 of 1st period - Puck is out of play.
17:28 of 1st period - Brad Richards wins face-off versus Casey Cizikas in Sharks zone.
17:39 of 1st period - Wrist shot by Erik Cole.
17:39 of 1st period - Shot Misses the Net.
17:54 of 1st period - Off-side.
17:55 of 1st period - Manny Malhotra wins face-off versus Vernon Fiddler in neutral zone.
18:19 of 1st period - Minor Penalty to Devin Setoguchi for Delaying the game.
18:20 of 1st period - Brad Richards wins face-off versus Alexander Wennberg in Stars zone.
18:31 of 1st period - Wrist shot by Brian Gionta.
18:31 of 1st period - Shot Blocked by Alexander Wennberg.
18:33 of 1st period - Wrist shot by Brian Gionta.
18:33 of 1st period - Stopped by Joacim Eriksson without a rebound.
18:34 of 1st period - Brad Richards wins face-off versus Alexander Wennberg in Stars zone.
18:47 of 1st period - Snap shot by Brad Richards.
18:47 of 1st period - Shot Misses the Net.
18:49 of 1st period - Snap shot by Erik Cole.
18:49 of 1st period - Shot Blocked by Jamie Oleksiak.
18:51 of 1st period - Snap shot by Brian Gionta.
18:51 of 1st period - Shot Blocked by Alexander Wennberg.
19:18 of 1st period - Icing by Tomas Fleischmann.
19:19 of 1st period - Olli Jokinen wins face-off versus Alexander Wennberg in Sharks zone.
19:24 of 1st period - Mike Richards is hit by Nicklas Grossmann and loses puck.
Goals for this period are 1 for Sharks vs 1 for Stars.
Shots for this period are 6 for Sharks vs 10 for Stars.

2nd period


0:01 of 2nd period - Brad Richards wins face-off versus Alexander Wennberg in neutral zone.
0:06 of 2nd period - Slapshot by Dion Phaneuf.
0:06 of 2nd period - Shot Blocked by John Moore.
0:19 of 2nd period - Penalty to Devin Setoguchi is over, Devin Setoguchi is back on ice.
0:32 of 2nd period - Wrist shot by Alexander Wennberg.
0:32 of 2nd period - Shot Blocked by Dion Phaneuf.
0:34 of 2nd period - Wrist shot by Alexander Wennberg.
0:34 of 2nd period - Deflect By Mike Richards.
0:34 of 2nd period - Stopped by Jonathan Quick without a rebound.
0:35 of 2nd period - Olli Jokinen wins face-off versus Manny Malhotra in Sharks zone.
1:03 of 2nd period - Wrist shot by Tomas Fleischmann.
1:03 of 2nd period - Stopped by Joacim Eriksson with a rebound.
1:41 of 2nd period - Snap shot by Dion Phaneuf.
1:41 of 2nd period - Deflect By Curtis Glencross.
1:41 of 2nd period - Shot Misses the Net.
1:41 of 2nd period - Puck is out of play.
1:42 of 2nd period - Brad Richards wins face-off versus Mike Richards in Stars zone.
1:56 of 2nd period - Dion Phaneuf is hit by Alexandre Burrows and loses puck.
2:05 of 2nd period - Snap shot by Mike Weber.
2:05 of 2nd period - Deflect By Brian Gionta.
2:05 of 2nd period - Shot Misses the Net.
2:05 of 2nd period - Puck is out of play.
2:06 of 2nd period - Casey Cizikas wins face-off versus Maxim Lapierre in Stars zone.
2:21 of 2nd period - Wrist shot by Casey Cizikas.
2:21 of 2nd period - Shot Blocked by Mike Green.
2:23 of 2nd period - Wrist shot by Ryan Wilson.
2:23 of 2nd period - Deflect By Jonathan Drouin.
2:23 of 2nd period - Goal by Jonathan Drouin - Sharks : 1 - Stars : 2.
2:24 of 2nd period - Brad Richards wins face-off versus Mike Richards in neutral zone.
2:35 of 2nd period - Snap shot by Brian Gionta.
2:35 of 2nd period - Shot Misses the Net.
2:37 of 2nd period - Wrist shot by Brad Richards.
2:37 of 2nd period - Shot Blocked by Alexander Wennberg.
2:39 of 2nd period - Slapshot by Mike Weber.
2:39 of 2nd period - Shot Misses the Net.
2:41 of 2nd period - Slapshot by Dion Phaneuf.
2:41 of 2nd period - Shot Hit the Post.
2:43 of 2nd period - Snap shot by Brad Richards.
2:43 of 2nd period - Deflect By Erik Cole.
2:43 of 2nd period - Stopped by Joacim Eriksson with a rebound.
2:57 of 2nd period - Alexander Wennberg is hit by Dion Phaneuf and loses puck.
3:36 of 2nd period - Slapshot by Jonathan Drouin.
3:36 of 2nd period - Stopped by Jonathan Quick with a rebound.
4:07 of 2nd period - Wrist shot by Vernon Fiddler.
4:07 of 2nd period - Shot Misses the Net.
4:46 of 2nd period - Off-side.
4:47 of 2nd period - Manny Malhotra wins face-off versus Brad Richards in neutral zone.
5:10 of 2nd period - Slapshot by Erik Cole.
5:10 of 2nd period - Stopped by Joacim Eriksson with a rebound.
5:12 of 2nd period - Snap shot by Erik Cole.
5:12 of 2nd period - Stopped by Joacim Eriksson without a rebound.
5:13 of 2nd period - Mike Richards wins face-off versus Olli Jokinen in Stars zone.
5:41 of 2nd period - Minor Penalty to Jay Harrison for Holding.
5:42 of 2nd period - Manny Malhotra wins face-off versus Brian Gionta in Sharks zone.
5:45 of 2nd period - Minor Penalty to Devin Setoguchi for Hooking.
5:46 of 2nd period - Alexander Wennberg wins face-off versus Brian Gionta in Stars zone.
5:52 of 2nd period - Snap shot by Alexander Wennberg.
5:52 of 2nd period - Stopped by Jonathan Quick with a rebound.
5:54 of 2nd period - Slapshot by Jamie Oleksiak.
5:54 of 2nd period - Stopped by Jonathan Quick with a rebound.
6:14 of 2nd period - Backhand shot by Mike Richards.
6:14 of 2nd period - Shot Misses the Net.
6:43 of 2nd period - Mike Weber is hit by John Moore and loses puck.
7:04 of 2nd period - Snap shot by Alexander Wennberg.
7:04 of 2nd period - Shot Blocked by Brian Gionta.
7:06 of 2nd period - Snap shot by Alexander Wennberg.
7:06 of 2nd period - Shot Misses the Net.
7:32 of 2nd period - Slapshot by Erik Haula.
7:32 of 2nd period - Stopped by Jonathan Quick with a rebound.
7:34 of 2nd period - Wrist shot by Erik Haula.
7:34 of 2nd period - Shot Misses the Net.
7:36 of 2nd period - Backhand shot by Gabriel Bourque.
7:36 of 2nd period - Stopped by Jonathan Quick without a rebound.
7:37 of 2nd period - Alexander Wennberg wins face-off versus Brad Richards in Sharks zone.
7:41 of 2nd period - Penalty to Jay Harrison is over, Jay Harrison is back on ice.
7:42 of 2nd period - Wrist shot by Alexander Wennberg.
7:42 of 2nd period - Deflect By Mike Richards.
7:42 of 2nd period - Shot Misses the Net.
7:42 of 2nd period - Puck is out of play.
7:43 of 2nd period - Alexander Wennberg wins face-off versus Olli Jokinen in Sharks zone.
7:45 of 2nd period - Penalty to Devin Setoguchi is over, Devin Setoguchi is back on ice.
8:50 of 2nd period - Slapshot by Matt Tennyson.
8:50 of 2nd period - Stopped by Jonathan Quick with a rebound.
8:52 of 2nd period - Slapshot by Matt Tennyson.
8:52 of 2nd period - Deflect By Dion Phaneuf.
8:52 of 2nd period - Stopped by Jonathan Quick without a rebound.
8:53 of 2nd period - Alexandre Burrows wins face-off versus Olli Jokinen in Sharks zone.
9:28 of 2nd period - Wrist shot by Brian Gionta.
9:28 of 2nd period - Stopped by Joacim Eriksson with a rebound.
10:17 of 2nd period - Icing by Casey Cizikas.
10:18 of 2nd period - Casey Cizikas wins face-off versus Olli Jokinen in Stars zone.
10:27 of 2nd period - Wrist shot by Jonathan Drouin.
10:27 of 2nd period - Shot Blocked by Mike Weber.
10:51 of 2nd period - Snap shot by Brian Gionta.
10:51 of 2nd period - Stopped by Joacim Eriksson with a rebound.
10:53 of 2nd period - Slapshot by Mike Weber.
10:53 of 2nd period - Stopped by Joacim Eriksson with a rebound.
10:57 of 2nd period - Wrist shot by Nicolas Deslauriers.
10:57 of 2nd period - Shot Misses the Net.
10:59 of 2nd period - Slapshot by Brian Gionta.
10:59 of 2nd period - Stopped by Joacim Eriksson without a rebound.
11:00 of 2nd period - Manny Malhotra wins face-off versus Maxim Lapierre in Stars zone.
11:31 of 2nd period - Wrist shot by Devin Setoguchi.
11:31 of 2nd period - Stopped by Jonathan Quick with a rebound.
11:53 of 2nd period - Slapshot by Vernon Fiddler.
11:53 of 2nd period - Shot Blocked by Ryan Wilson.
11:59 of 2nd period - Vernon Fiddler is hit by Ryan Wilson and loses puck.
13:11 of 2nd period - Cory Conacher is hit by Erik Cole and loses puck.
13:36 of 2nd period - Jamie Oleksiak is hit by Richard Panik and loses puck.
13:42 of 2nd period - Off-side.
13:43 of 2nd period - Vernon Fiddler wins face-off versus Mike Richards in neutral zone.
13:54 of 2nd period - Minor Penalty to Mike Weber for Holding.
13:55 of 2nd period - Devin Setoguchi wins face-off versus Brian Gionta in Sharks zone.
14:08 of 2nd period - Wrist shot by Devin Setoguchi.
14:08 of 2nd period - Deflect By Manny Malhotra.
14:08 of 2nd period - Shot Blocked by Dion Phaneuf.
14:08 of 2nd period - Puck is out of play.
14:09 of 2nd period - Manny Malhotra wins face-off versus Curtis Glencross in Sharks zone.
15:54 of 2nd period - Penalty to Mike Weber is over, Mike Weber is back on ice.
16:16 of 2nd period - Ryan Wilson is hit by Curtis Glencross and loses puck.
16:37 of 2nd period - Snap shot by Erik Haula.
16:37 of 2nd period - Stopped by Jonathan Quick without a rebound.
16:38 of 2nd period - Olli Jokinen wins face-off versus Gabriel Bourque in Sharks zone.
17:11 of 2nd period - Alex Petrovic is hit by Mike Green and loses puck.
18:09 of 2nd period - Off-side.
18:10 of 2nd period - Maxim Lapierre wins face-off versus Daniel Paille in neutral zone.
Goals for this period are 0 for Sharks vs 1 for Stars.
Shots for this period are 8 for Sharks vs 11 for Stars.

3rd period


0:01 of 3rd period - Mike Richards wins face-off versus Brad Richards in neutral zone.
0:20 of 3rd period - Slapshot by Brian Gionta.
0:20 of 3rd period - Stopped by Joacim Eriksson without a rebound.
0:21 of 3rd period - Manny Malhotra wins face-off versus Derek Roy in Stars zone.
0:21 of 3rd period - Manny Malhotra is hit by Mike Green.
0:45 of 3rd period - Slapshot by Matt Tennyson.
0:45 of 3rd period - Shot Blocked by Jay Harrison.
0:47 of 3rd period - Slapshot by Matt Tennyson.
0:47 of 3rd period - Shot Misses the Net.
0:49 of 3rd period - Slapshot by Manny Malhotra.
0:49 of 3rd period - Shot Blocked by Jay Harrison.
0:51 of 3rd period - Wrist shot by Manny Malhotra.
0:51 of 3rd period - Stopped by Jonathan Quick with a rebound.
0:53 of 3rd period - Snap shot by Manny Malhotra.
0:53 of 3rd period - Stopped by Jonathan Quick with a rebound.
0:55 of 3rd period - Snap shot by Manny Malhotra.
0:55 of 3rd period - Shot Misses the Net.
1:03 of 3rd period - Minor Penalty to Vernon Fiddler for Tripping.
1:04 of 3rd period - Mike Richards wins face-off versus Brian Gionta in Sharks zone.
1:47 of 3rd period - Minor Penalty to Manny Malhotra for Holding.
1:48 of 3rd period - Alexander Wennberg wins face-off versus Brian Gionta in Stars zone.
2:56 of 3rd period - Snap shot by Dion Phaneuf.
2:56 of 3rd period - Shot Misses the Net.
3:03 of 3rd period - Penalty to Vernon Fiddler is over, Vernon Fiddler is back on ice.
3:47 of 3rd period - Penalty to Manny Malhotra is over, Manny Malhotra is back on ice.
3:54 of 3rd period - Slapshot by Derek Roy.
3:54 of 3rd period - Stopped by Joacim Eriksson with a rebound.
4:19 of 3rd period - Olli Jokinen is hit by Devin Setoguchi and loses puck.
4:37 of 3rd period - Slapshot by Jonathan Drouin.
4:37 of 3rd period - Stopped by Jonathan Quick with a rebound.
4:39 of 3rd period - Slapshot by Erik Haula.
4:39 of 3rd period - Shot Blocked by Jay Harrison.
4:54 of 3rd period - Slapshot by Jonathan Drouin.
4:54 of 3rd period - Deflect By Casey Cizikas.
4:54 of 3rd period - Shot Misses the Net.
4:54 of 3rd period - Puck is out of play.
4:55 of 3rd period - Brad Richards wins face-off versus Alexandre Burrows in Sharks zone.
5:01 of 3rd period - Minor Penalty to Alex Petrovic for Hooking.
5:02 of 3rd period - Brad Richards wins face-off versus Alexander Wennberg in Stars zone.
5:26 of 3rd period - Snap shot by Erik Cole.
5:26 of 3rd period - Stopped by Joacim Eriksson with a rebound.
6:24 of 3rd period - Patrik Nemeth is hit by Mike Green and loses puck.
7:01 of 3rd period - Penalty to Alex Petrovic is over, Alex Petrovic is back on ice.
7:17 of 3rd period - Gabriel Bourque is hit by Maxim Lapierre and loses puck.
8:19 of 3rd period - Manny Malhotra is hit by Tomas Fleischmann and loses puck.
8:30 of 3rd period - Snap shot by Maxim Lapierre.
8:30 of 3rd period - Stopped by Joacim Eriksson with a rebound.
8:32 of 3rd period - Slapshot by Luca Sbisa.
8:32 of 3rd period - Stopped by Joacim Eriksson without a rebound.
8:33 of 3rd period - Maxim Lapierre wins face-off versus Erik Haula in Stars zone.
8:46 of 3rd period - Vernon Fiddler is hit by Casey Cizikas and loses puck.
8:59 of 3rd period - Mike Green is hit by Jonathan Drouin and loses puck.
9:22 of 3rd period - Slapshot by Erik Cole.
9:22 of 3rd period - Shot Blocked by Patrik Nemeth.
9:29 of 3rd period - Minor Penalty to Daniel Paille for Holding.
9:30 of 3rd period - Alexander Wennberg wins face-off versus Brad Richards in Stars zone.
9:45 of 3rd period - Wrist shot by Alexander Wennberg.
9:45 of 3rd period - Stopped by Jonathan Quick with a rebound.
9:59 of 3rd period - Alexander Wennberg is hit by Derek Roy and loses puck.
11:00 of 3rd period - Snap shot by Brad Richards.
11:00 of 3rd period - Shot Misses the Net.
11:14 of 3rd period - Erik Cole is hit by Alex Petrovic.
11:20 of 3rd period - Snap shot by Erik Cole.
11:20 of 3rd period - Stopped by Joacim Eriksson without a rebound.
11:21 of 3rd period - Brad Richards wins face-off versus Jonathan Drouin in Stars zone.
11:29 of 3rd period - Penalty to Daniel Paille is over, Daniel Paille is back on ice.
11:34 of 3rd period - Wrist shot by Jonathan Drouin.
11:34 of 3rd period - Shot Blocked by Mike Weber.
11:36 of 3rd period - Snap shot by Jonathan Drouin.
11:36 of 3rd period - Shot Misses the Net.
11:38 of 3rd period - Wrist shot by John Moore.
11:38 of 3rd period - Shot Misses the Net.
12:12 of 3rd period - Backhand shot by Devin Setoguchi.
12:12 of 3rd period - Stopped by Jonathan Quick without a rebound.
12:13 of 3rd period - Manny Malhotra wins face-off versus Maxim Lapierre in Sharks zone.
12:42 of 3rd period - Icing by Mike Weber.
12:43 of 3rd period - Casey Cizikas wins face-off versus Olli Jokinen in Sharks zone.
12:54 of 3rd period - Ryan Wilson is hit by Tomas Fleischmann and loses puck.
13:11 of 3rd period - Slapshot by Jonathan Drouin.
13:11 of 3rd period - Shot Misses the Net.
13:13 of 3rd period - Wrist shot by Erik Haula.
13:13 of 3rd period - Stopped by Jonathan Quick without a rebound.
13:14 of 3rd period - Vernon Fiddler wins face-off versus Alexandre Burrows in Sharks zone.
13:14 of 3rd period - Vernon Fiddler is hit by Cory Conacher.
13:38 of 3rd period - Snap shot by Curtis Glencross.
13:38 of 3rd period - Stopped by Joacim Eriksson without a rebound.
13:39 of 3rd period - Mike Richards wins face-off versus Maxim Lapierre in Stars zone.
13:58 of 3rd period - Snap shot by Luca Sbisa.
13:58 of 3rd period - Stopped by Joacim Eriksson with a rebound.
14:00 of 3rd period - Snap shot by Maxim Lapierre.
14:00 of 3rd period - Deflect By Brian Gionta.
14:00 of 3rd period - Stopped by Joacim Eriksson with a rebound.
14:14 of 3rd period - Alexandre Burrows is hit by Vernon Fiddler and loses puck.
14:39 of 3rd period - Slapshot by Dion Phaneuf.
14:39 of 3rd period - Deflect By Richard Panik.
14:39 of 3rd period - Stopped by Joacim Eriksson with a rebound.
14:41 of 3rd period - Wrist shot by Olli Jokinen.
14:41 of 3rd period - Shot Misses the Net.
14:43 of 3rd period - Wrist shot by Tomas Fleischmann.
14:43 of 3rd period - Stopped by Joacim Eriksson with a rebound.
14:45 of 3rd period - Slapshot by Richard Panik.
14:45 of 3rd period - Shot Misses the Net.
15:09 of 3rd period - Jamie Oleksiak is hit by Maxim Lapierre and loses puck.
15:14 of 3rd period - Snap shot by Brian Gionta.
15:14 of 3rd period - Shot Blocked by Jamie Oleksiak.
15:16 of 3rd period - Slapshot by Maxim Lapierre.
15:16 of 3rd period - Shot Blocked by Alexandre Burrows.
15:38 of 3rd period - Slapshot by Dion Phaneuf.
15:38 of 3rd period - Stopped by Joacim Eriksson with a rebound.
15:40 of 3rd period - Snap shot by Vernon Fiddler.
15:40 of 3rd period - Stopped by Joacim Eriksson without a rebound.
15:41 of 3rd period - Vernon Fiddler wins face-off versus Manny Malhotra in Stars zone.
16:06 of 3rd period - Minor Penalty to Alex Petrovic for Holding.
16:07 of 3rd period - Derek Roy wins face-off versus Manny Malhotra in Stars zone.
16:40 of 3rd period - Off-side.
16:41 of 3rd period - Brad Richards wins face-off versus Jonathan Drouin in neutral zone.
16:50 of 3rd period - Slapshot by Brian Gionta.
16:50 of 3rd period - Stopped by Joacim Eriksson with a rebound.
17:00 of 3rd period - Backhand shot by Erik Cole.
17:00 of 3rd period - Stopped by Joacim Eriksson without a rebound.
17:01 of 3rd period - Alexander Wennberg wins face-off versus Brad Richards in Stars zone.
17:01 of 3rd period - Alexander Wennberg is hit by Brad Richards.
17:25 of 3rd period - Nicklas Grossmann is hit by Patrik Nemeth and loses puck.
17:55 of 3rd period - Mike Weber is hit by John Moore and loses puck.
18:06 of 3rd period - Penalty to Alex Petrovic is over, Alex Petrovic is back on ice.
18:08 of 3rd period - Alex Petrovic is hit by Dion Phaneuf and loses puck.
18:30 of 3rd period - Manny Malhotra is hit by Jay Harrison and loses puck.
18:33 of 3rd period - Sharks, Jonathan Quick is pulled from the net.
18:35 of 3rd period - Snap shot by Vernon Fiddler.
18:35 of 3rd period - Stopped by Joacim Eriksson without a rebound.
18:36 of 3rd period - Gabriel Bourque wins face-off versus Olli Jokinen in Stars zone.
18:49 of 3rd period - Snap shot by Alexandre Burrows.
18:49 of 3rd period - Shot Blocked by Richard Panik.
19:13 of 3rd period - Patrik Nemeth is hit by Mike Green and loses puck.
19:36 of 3rd period - Icing by Brian Gionta.
19:37 of 3rd period - Jonathan Quick from Sharks was sent back in the game.
19:37 of 3rd period - Brad Richards wins face-off versus Mike Richards in Sharks zone.
19:52 of 3rd period - Snap shot by Alexander Wennberg.
19:52 of 3rd period - Deflect By Dion Phaneuf.
19:52 of 3rd period - Stopped by Jonathan Quick without a rebound.
19:53 of 3rd period - Mike Johnston call a timeout for Sharks.
19:53 of 3rd period - Brad Richards wins face-off versus Mike Richards in Sharks zone.
Goals for this period are 0 for Sharks vs 0 for Stars.
Shots for this period are 16 for Sharks vs 7 for Stars.